cohdb
Replays
Latest Replays
All Replays
Popular Replays
Top Player Replays
Match Explorer
How It Works
Community
CoH3 Stats
Reddit
Sign in to upload your games and track your stats! →
Sign in with Steam
Match 41441242
Unlisted
Match 41441242
Overview
Messages
Build Orders
End
Kettenkrad Recon Vehicle
Construct Infanterie Kompanie
MG 42 Machine Gun Team
Grenadier Squad
Grenadier Squad
Construct Luftwaffe Kompanie
Jäger Squad
Support Elements
Flak 30 Anti-aircraft Gun Team
Medical Station
Wirbelwind Flakpanzer
Construct Panzergrenadier Kompanie
Pak 40 Anti-tank Gun Team
Selects Mechanized Battlegroup
Selects Raid Package
Selects StuG Assault Group
StuG III G Assault Gun
Construct Panzer Kompanie
Nebelwerfer 42 Rocket Launcher Team
Selects Panther Heavy Tank
Panther Heavy Tank
Selects Spotting Scopes
[-ODM-] Daman ze helldiver
Frangerhawer
Alakran
Mael Radec
comm_ash
RtN.momo4sho
.:PSG:. RedxWings
FFozzii
0
0
Comments
sign in to comment!
No comments posted yet!